Workbook
Name _Hlk34300669: July!$K$70
Name Component: "Group"
Name FX_RATE: July!$C$250
Name pbCountingPages: FALSE

Sheet July
A1: MONTHLY UPDATE ON REGISTERED MUTUAL FUNDS AS AT 31ST JULY, 2026
A2: S/N | B2: FUND | C2: FUND MANAGER | D2: TOTAL VALUE OF INVESTMENT (N) | E2: TOTAL INCOME (N) | F2: UNREALIZED CAPITAL GAIN/LOSS (N) | G2: TOTAL EXPENSES (N) | H2: NET INCOME/LOSS (N) | I2: NET ASSET VALUE (N) PREVIOUS - JUNE | J2: % ON TOTAL | K2: NET ASSET VALUE (N) | L2: % ON TOTAL | M2: % CHANGE IN NAV | N2: EXPENSE RATIO | O2: RETURN ON EQUITY (ROE) | P2: NET ASSET PER UNIT | Q2: EARNINGS PER UNIT (EPU) | R2: BID PRICE (N) | S2: OFFER PRICE (N) | T2: NUMBER OF UNIT HOLDERS | U2: OPENING NUMBER OF UNITS | V2: CLOSING NUMBER OF UNITS
A4: EQUITY BASED FUNDS
A5: 1 | B5: Afrinvest Equity Fund | C5: Afrinvest Asset Management Ltd. | D5: 1.2672157e+10 | E5: 78930287 | F5: 3.9151791e+09 | G5: 20490480 | H5: =(E5+F5)-G5 -> 3.9736189e+09 | I5: 1.1713063e+10 | J5: =(I5/$I$25) -> 0.051223172 | K5: 1.2686025e+10 | L5: =(K5/$K$25) -> 0.052554963 | M5: =((K5-I5)/I5) -> 0.083066424 | N5: =(G5/K5) -> 0.0016152009 | O5: =H5/K5 -> 0.31322804 | P5: =K5/V5 -> 892.34373 | Q5: =H5/V5 -> 279.50708 | R5: 892.34 | S5: 903.82 | T5: 1712 | U5: 14008423 | V5: 14216523
A6: 2 | B6: Anchoria Equity Fund | C6: Anchoria Asset Management Limited | D6: 2.2813525e+09 | E6: 2504260 | F6: 8.24596e+08 | G6: 1211089.7 | H6: =(E6+F6)-G6 -> 8.2588917e+08 | I6: 2.0390861e+09 | J6: =(I6/$I$25) -> 0.0089172626 | K6: 2.3122593e+09 | L6: =(K6/$K$25) -> 0.0095790998 | M6: =((K6-I6)/I6) -> 0.13396843 | N6: =(G6/K6) -> 0.00052376898 | O6: =H6/K6 -> 0.35717844 | P6: =K6/V6 -> 600.3893 | Q6: =H6/V6 -> 214.44612 | R6: 603.21 | S6: 611.91 | T6: 692 | U6: 3617020.6 | V6: 3851266.6
A7: 3 | B7: ARM Aggressive Growth Fund | C7: ARM Investment Managers Limited | D7: 16732431062 | E7: 128972112 | F7: 548025307 | G7: 36954522 | H7: =(E7+F7)-G7 -> 640042897 | I7: 18200475206 | J7: =(I7/$I$25) -> 0.079593704 | K7: 18511889397 | L7: =(K7/$K$25) -> 0.076690031 | M7: =((K7-I7)/I7) -> 0.017110223 | N7: =(G7/K7) -> 0.0019962588 | O7: =H7/K7 -> 0.034574693 | P7: =K7/V7 -> 72.329366 | Q7: =H7/V7 -> 2.5007656 | R7: 71.9678 | S7: 74.1376 | T7: 12462 | U7: 261601138 | V7: 255938777
A8: 4 | B8: AXA Mansard Equity Income Fund | C8: AXA Mansard Investments Limited | D8: 2.5090604e+09 | E8: 19981406 | F8: 0 | G8: 4690336.8 | H8: =(E8+F8)-G8 -> 15291069 | I8: 3.061318e+09 | J8: =(I8/$I$25) -> 0.013387653 | K8: 3.5943399e+09 | L8: =(K8/$K$25) -> 0.014890432 | M8: =((K8-I8)/I8) -> 0.17411517 | N8: =(G8/K8) -> 0.001304923 | O8: =H8/K8 -> 0.0042542079 | P8: =K8/V8 -> 351.34852 | Q8: =H8/V8 -> 1.4947097 | R8: 349.5918 | S8: 353.1053 | T8: 2599 | U8: 8627303.1 | V8: 10230127
A9: 5 | B9: CardinalStone Equity Fund | C9: CardinalStone Asset Mgt. Limited | D9: 1.2549414e+10 | E9: 2.0120686e+08 | F9: 6.3696135e+08 | G9: 13230346 | H9: =(E9+F9)-G9 -> 8.2493787e+08 | I9: 1.2025212e+10 | J9: =(I9/$I$25) -> 0.052588252 | K9: 1.2763786e+10 | L9: =(K9/$K$25) -> 0.052877108 | M9: =((K9-I9)/I9) -> 0.061418826 | N9: =(G9/K9) -> 0.0010365534 | O9: =H9/K9 -> 0.064631124 | P9: =K9/V9 -> 2.8716301 | Q9: =H9/V9 -> 0.18559668 | R9: 2.8425 | S9: 2.8825 | T9: 2827 | U9: 4.3206432e+09 | V9: 4.4447878e+09
A10: 6 | B10: Cowry Equity Fund | C10: Cowry Treasurers Limited | D10: 7.0215597e+08 | E10: 8833804.6 | F10: 1.8951802e+08 | G10: 1005556 | H10: =(E10+F10)-G10 -> 1.9734627e+08 | I10: 6.7590371e+08 | J10: =(I10/$I$25) -> 0.0029558393 | K10: 7.462649e+08 | L10: =(K10/$K$25) -> 0.0030915849 | M10: =((K10-I10)/I10) -> 0.10409943 | N10: =(G10/K10) -> 0.0013474519 | O10: =H10/K10 -> 0.26444533 | P10: =K10/V10 -> 334.44303 | Q10: =H10/V10 -> 88.441895 | R10: 334.44 | S10: 337.7 | T10: 208 | U10: 1817337 | V10: 2231366.3
A11: 7 | B11: FCMBAM Equity Fund | C11: First City Asset Management Plc | D11: 4.2723911e+09 | E11: 12042928 | F11: 0 | G11: 7319248.8 | H11: =(E11+F11)-G11 -> 4723679.2 | I11: 3.9869154e+09 | J11: =(I11/$I$25) -> 0.017435444 | K11: 4253936501 | L11: =(K11/$K$25) -> 0.017622973 | M11: =((K11-I11)/I11) -> 0.06697436 | N11: =(G11/K11) -> 0.0017205825 | O11: =H11/K11 -> 0.0011104254 | P11: =K11/V11 -> 8.2634114 | Q11: =H11/V11 -> 0.0091759019 | R11: 8.15 | S11: 8.32 | T11: 3891 | U11: 514821528 | V11: 5.1479181e+08
A12: 8 | B12: First Asset Nigeria Smart Beta Equity Fund | C12: First Asset Management Limited | D12: 6.8528625e+09 | E12: 18676671 | F12: 2.8758502e+08 | G12: 11718182 | H12: =(E12+F12)-G12 -> 2.9454351e+08 | I12: 6.7892625e+09 | J12: =(I12/$I$25) -> 0.029690574 | K12: 6.7774413e+09 | L12: =(K12/$K$25) -> 0.028077209 | M12: =((K12-I12)/I12) -> -0.0017411625 | N12: =(G12/K12) -> 0.0017289979 | O12: =H12/K12 -> 0.043459396 | P12: =K12/V12 -> 603.94527 | Q12: =H12/V12 -> 26.247097 | R12: 603.95 | S12: 612.87 | T12: 2974 | U12: 11140994 | V12: 11221946
A13: 9 | B13: Frontier Fund | C13: SCM Capital Limited | D13: 6.379358e+08 | E13: 4875500 | F13: 27738567 | G13: 1950140.8 | H13: =(E13+F13)-G13 -> 30663927 | I13: 5.7142377e+08 | J13: =(I13/$I$25) -> 0.0024989311 | K13: 6.1081576e+08 | L13: =(K13/$K$25) -> 0.0025304537 | M13: =((K13-I13)/I13) -> 0.068936565 | N13: =(G13/K13) -> 0.0031926825 | O13: =H13/K13 -> 0.050201597 | P13: =K13/V13 -> 304.36088 | Q13: =H13/V13 -> 15.279402 | R13: 304.36 | S13: 317.24 | T13: 2475 | U13: 2006880 | V13: 2006880
A14: 10 | B14: Futureview Equity Fund | C14: Futureview Asset Management Limited | D14: 2.1728003e+08 | E14: 1801047.5 | F14: 39813953 | G14: 4184209.9 | H14: =(E14+F14)-G14 -> 37430790 | I14: 1.6390128e+08 | J14: =(I14/$I$25) -> 0.00071676753 | K14: 2.25997e+08 | L14: =(K14/$K$25) -> 0.00093624784 | M14: =((K14-I14)/I14) -> 0.37886049 | N14: =(G14/K14) -> 0.018514449 | O14: =H14/K14 -> 0.16562517 | P14: =K14/V14 -> 572.08396 | Q14: =H14/V14 -> 94.751501 | R14: 562.95 | S14: 579.87 | T14: 74 | U14: 332307.31 | V14: 395041.66
A15: 11 | B15: Guaranty Trust Equity Income Fund | C15: Guaranty Trust Fund Managers Limited | D15: 1.9925925e+10 | E15: 38718079 | F15: 6.3484622e+08 | G15: 35109437 | H15: =(E15+F15)-G15 -> 6.3845487e+08 | I15: 20296188148 | J15: =(I15/$I$25) -> 0.088758605 | K15: 2.0087605e+10 | L15: =(K15/$K$25) -> 0.083217817 | M15: =((K15-I15)/I15) -> -0.010276974 | N15: =(G15/K15) -> 0.001747816 | O15: =H15/K15 -> 0.031783524 | P15: =K15/V15 -> 5.5369854 | Q15: =H15/V15 -> 0.17598491 | R15: 5.51 | S15: 5.59 | T15: 15309 | U15: 3.7611407e+09 | V15: 3.6278956e+09
A16: 12 | B16: Halo Equity Fund | C16: Halo Nigeria Capital Management Limited | D16: 4.2386008e+08 | E16: 6613415.3 | F16: 0 | G16: 2328854.1 | H16: =(E16+F16)-G16 -> 4284561.2 | I16: 4.7947026e+08 | J16: =(I16/$I$25) -> 0.0020968031 | K16: 5.7362735e+08 | L16: =(K16/$K$25) -> 0.0023763916 | M16: =((K16-I16)/I16) -> 0.19637734 | N16: =(G16/K16) -> 0.0040598728 | O16: =H16/K16 -> 0.0074692416 | P16: =K16/V16 -> 46.195064 | Q16: =H16/V16 -> 0.3450421 | R16: 46.195064 | S16: 46.659864 | T16: 172 | U16: 10930719 | V16: 12417503
... A24: 20 | B24: Zrosk Magna Equity Fund | C24: Zrosk Investment Management Limited | D24: 2.4108067e+10 | E24: 43813544 | F24: 1.6488182e+09 | G24: 48048445 | H24: =(E24+F24)-G24 -> 1.6445833e+09 | I24: 22049336149 | J24: =(I24/$I$25) -> 0.096425413 | K24: 23861614182 | L24: =(K24/$K$25) -> 0.098852574 | M24: =((K24-I24)/I24) -> 0.082191954 | N24: =(G24/K24) -> 0.0020136293 | O24: =H24/K24 -> 0.06892171 | P24: =K24/V24 -> 354.32232 | Q24: =H24/V24 -> 24.4205 | R24: 350.83 | S24: 356.74 | T24: 187 | U24: 66748862 | V24: 67344372
A25: Sub Total | I25: =SUM(I5:I24) -> 2.2866727e+11 | J25: =(I25/$I$248) -> 0.024874486 | K25: =SUM(K5:K24) -> 2.4138587e+11 | L25: =(K25/$K$248) -> 0.025545109 | M25: =((K25-I25)/I25) -> 0.05562052 | T25: =SUM(T5:T24) -> 108429
A27: MONEY MARKET FUNDS
A28: 21 | B28: Afrinvest Plutus Fund | C28: Afrinvest Asset Management Ltd. | D28: 6.8539367e+09 | E28: 1.0302769e+08 | F28: 0 | G28: 12625781 | H28: =(E28+F28)-G28 -> 90401908 | I28: 6.5603831e+09 | J28: =(I28/$I$76) -> 0.0010913694 | K28: 6.6500657e+09 | L28: =(K28/$K$76) -> 0.0010617826 | M28: =((K28-I28)/I28) -> 0.013670324 | N28: =(G28/K28) -> 0.0018985949 | O28: =H28/K28 -> 0.013594138 | P28: =K28/V28 -> 100.23901 | Q28: =H28/V28 -> 1.3626629 | R28: 100 | S28: 100 | T28: 936 | U28: 65451091 | V28: 66342094
A29: 22 | B29: AIICO Money Market Fund | C29: AIICO Capital Ltd | D29: 4.6910527e+10 | E29: 8.1400914e+08 | F29: 0 | G29: 74188698 | H29: =(E29+F29)-G29 -> 7.3982044e+08 | I29: 4.2779092e+10 | J29: =(I29/$I$76) -> 0.0071166258 | K29: 4.7126225e+10 | L29: =(K29/$K$76) -> 0.0075244076 | M29: =((K29-I29)/I29) -> 0.10161816 | N29: =(G29/K29) -> 0.0015742551 | O29: =H29/K29 -> 0.015698699 | P29: =K29/V29 -> 101.43354 | Q29: =H29/V29 -> 1.5923746 | R29: 100 | S29: 100 | T29: 5425 | U29: 4.1093229e+08 | V29: 4.64602e+08
A30: 23 | B30: Alpha10 Money Market Fund | C30: Alpha10 Fund Management Limited | D30: 1.384804e+09 | E30: 34749254 | F30: 0 | G30: 4119714.9 | H30: =(E30+F30)-G30 -> 30629539 | I30: 2.1099917e+09 | J30: =(I30/$I$76) -> 0.00035101308 | K30: 2.3790795e+09 | L30: =(K30/$K$76) -> 0.00037985568 | M30: =((K30-I30)/I30) -> 0.12753029 | N30: =(G30/K30) -> 0.0017316424 | O30: =H30/K30 -> 0.012874534 | P30: =K30/V30 -> 0.98431376 | Q30: =H30/V30 -> 0.012672581 | R30: 1 | S30: 1 | T30: 284 | U30: 2113632495 | V30: 2416993042
A31: 24 | B31: Anchoria Money Market Fund | C31: Anchoria Asset Management Limited | D31: 3.9207942e+09 | E31: 57417104 | F31: 0 | G31: 5139943.7 | H31: =(E31+F31)-G31 -> 52277160 | I31: 4.0073418e+09 | J31: =(I31/$I$76) -> 0.00066665164 | K31: 3942857830 | L31: =(K31/$K$76) -> 0.00062953631 | M31: =((K31-I31)/I31) -> -0.016091457 | N31: =(G31/K31) -> 0.0013036087 | O31: =H31/K31 -> 0.013258698 | P31: =K31/V31 -> 124.70199 | Q31: =H31/V31 -> 1.653386 | R31: 100 | S31: 100 | T31: 2215 | U31: 31438325 | V31: 31618242
A32: 25 | B32: Apel Wealth Money Market Fund | C32: Apel Wealth Management Limited | D32: 6.3968301e+08 | E32: 37227464 | F32: 0 | G32: 2804228.3 | H32: =(E32+F32)-G32 -> 34423236 | I32: 1.3943392e+09 | J32: =(I32/$I$76) -> 0.00023195889 | K32: 1.5904129e+09 | L32: =(K32/$K$76) -> 0.00025393324 | M32: =((K32-I32)/I32) -> 0.1406212 | N32: =(G32/K32) -> 0.0017632077 | O32: =H32/K32 -> 0.021644213 | P32: =K32/V32 -> 100 | Q32: =H32/V32 -> 2.1644213 | R32: 1 | S32: 1 | T32: 192 | U32: 13943392 | V32: 15904129
A33: 26 | B33: ARM Money Market Fund | C33: ARM Investment Managers Limited | D33: 174243307037 | E33: 6708892064 | F33: 0 | G33: 6708892064 | H33: =(E33+F33)-G33 -> 0 | I33: 417819034405 | J33: =(I33/$I$76) -> 0.069507359 | K33: 440926525045 | L33: =(K33/$K$76) -> 0.070400524 | M33: =((K33-I33)/I33) -> 0.055305021 | N33: =(G33/K33) -> 0.015215442 | O33: =H33/K33 -> 0 | P33: =K33/V33 -> 1 | Q33: =H33/V33 -> 0 | R33: 1 | S33: 1 | T33: 88242 | U33: 417819034405 | V33: 440926525045
A34: 27 | B34: AVA GAM Money Market Fund | C34: AVA Global Asset Managers Limited | D34: 1.2843473e+09 | E34: 68389618 | F34: 0 | G34: 7512033.4 | H34: =(E34+F34)-G34 -> 60877584 | I34: 2.1299579e+09 | J34: =(I34/$I$76) -> 0.00035433462 | K34: 2.1945126e+09 | L34: =(K34/$K$76) -> 0.0003503868 | M34: =((K34-I34)/I34) -> 0.030307947 | N34: =(G34/K34) -> 0.0034230988 | O34: =H34/K34 -> 0.027740823 | P34: =K34/V34 -> 0.92219445 | Q34: =H34/V34 -> 0.025582433 | R34: 1 | S34: 1 | T34: 445 | U34: 2248445345 | V34: 2379663600
A35: 28 | B35: AXA Mansard Money Market Fund | C35: AXA Mansard Investments Limited | D35: 5.7506378e+10 | E35: 2.6049175e+09 | F35: 0 | G35: 2.4900478e+08 | H35: =(E35+F35)-G35 -> 2.3559127e+09 | I35: 1.7618341e+11 | J35: =(I35/$I$76) -> 0.029309443 | K35: 1.8080667e+11 | L35: =(K35/$K$76) -> 0.028868493 | M35: =((K35-I35)/I35) -> 0.026241213 | N35: =(G35/K35) -> 0.001377188 | O35: =H35/K35 -> 0.01303001 | P35: =K35/V35 -> 1.012783 | Q35: =H35/V35 -> 0.013196573 | R35: 1 | S35: 1 | T35: 42011 | U35: 1.6969485e+11 | V35: 1.7852458e+11
A36: 29 | B36: CardinalStone Money Market Fund | C36: CardinalStone Asset Mgt. Limited | D36: 3.6812772e+10 | E36: 598252299 | F36: 0 | G36: 44461273 | H36: =(E36+F36)-G36 -> 553791026 | I36: 3.0575254e+10 | J36: =(I36/$I$76) -> 0.0050864249 | K36: 3.7081763e+10 | L36: =(K36/$K$76) -> 0.0059206588 | M36: =((K36-I36)/I36) -> 0.21280311 | N36: =(G36/K36) -> 0.0011990065 | O36: =H36/K36 -> 0.014934323 | P36: =K36/V36 -> 1 | Q36: =H36/V36 -> 0.014934323 | R36: 1 | S36: 1 | T36: 2417 | U36: 3.0575254e+10 | V36: 3.7081763e+10
A37: 30 | B37: Chapel Hill Denham Money Market Fund | C37: Chapel Hill Denham Mgt. Limited | D37: 4.4888467e+10 | E37: 6.3444983e+08 | F37: 0 | G37: 73885368 | H37: =(E37+F37)-G37 -> 5.6056446e+08 | I37: 4.2480905e+10 | J37: =(I37/$I$76) -> 0.0070670201 | K37: 4.4270744e+10 | L37: =(K37/$K$76) -> 0.0070684873 | M37: =((K37-I37)/I37) -> 0.042132792 | N37: =(G37/K37) -> 0.0016689435 | O37: =H37/K37 -> 0.012662187 | P37: =K37/V37 -> 100.00026 | Q37: =H37/V37 -> 1.266222 | R37: 100 | S37: 100 | T37: 12118 | U37: 4.248079e+08 | V37: 4.4270628e+08
A38: 31 | B38: Comercio Partners Money Market Fund | C38: Comercio Partners Asset Management Limited | D38: 3.5678549e+09 | E38: 1.3038363e+08 | F38: 0 | G38: 4792632.5 | H38: =(E38+F38)-G38 -> 1.2559099e+08 | I38: 3.2442308e+09 | J38: =(I38/$I$76) -> 0.00053970236 | K38: 3.4700593e+09 | L38: =(K38/$K$76) -> 0.00055404695 | M38: =((K38-I38)/I38) -> 0.069609262 | N38: =(G38/K38) -> 0.0013811385 | O38: =H38/K38 -> 0.036192751 | P38: =K38/V38 -> 0.99969606 | Q38: =H38/V38 -> 0.036181751 | R38: 1 | S38: 1 | T38: 858 | U38: 3.2482169e+09 | V38: 3.4711144e+09
A39: 32 | B39: Coral Money Market Fund | C39: FSDH Asset Management Ltd | D39: 1.080629e+11 | E39: 1.5835043e+09 | F39: 0 | G39: 1.7392158e+08 | H39: =(E39+F39)-G39 -> 1.4095827e+09 | I39: 1.0066075e+11 | J39: =(I39/$I$76) -> 0.016745677 | K39: 1.0613801e+11 | L39: =(K39/$K$76) -> 0.016946523 | M39: =((K39-I39)/I39) -> 0.054413066 | N39: =(G39/K39) -> 0.0016386362 | O39: =H39/K39 -> 0.01328066 | P39: =K39/V39 -> 100 | Q39: =H39/V39 -> 1.328066 | R39: 100 | S39: 100 | T39: 6547 | U39: 1.0066075e+09 | V39: 1.0613801e+09
... A63: 56 | B63: Parthian Money Market Fund | C63: Parthian Capital Ltd. | D63: 1.5419129e+09 | E63: 37237759 | F63: 0 | G63: 3353883.7 | H63: =(E63+F63)-G63 -> 33883875 | I63: 2.4273648e+09 | J63: =(I63/$I$76) -> 0.00040381051 | K63: 2.3671036e+09 | L63: =(K63/$K$76) -> 0.00037794354 | M63: =((K63-I63)/I63) -> -0.024825791 | N63: =(G63/K63) -> 0.0014168724 | O63: =H63/K63 -> 0.014314488 | P63: =K63/V63 -> 1 | Q63: =H63/V63 -> 0.014314488 | R63: 1 | S63: 1 | T63: 3639 | U63: 2.3602758e+09 | V63: 2.3671036e+09
A64: 57 | B64: Radix Money Market Fund | C64: Radix Capital Partners Limited | D64: =190596344+186745019.47 -> 3.7734136e+08 | E64: 5125562.8 | F64: 0 | G64: 523270.38 | H64: =(E64+F64)-G64 -> 4602292.4 | I64: 0 | J64: =(I64/$I$76) -> 0 | K64: 3.7178291e+08 | L64: =(K64/$K$76) -> 5.9360709e-05 | M64: =((K64-I64)/I64) -> #DIV/0! | N64: =(G64/K64) -> 0.0014074622 | O64: =H64/K64 -> 0.012378978 | P64: =K64/V64 -> 1.0005857 | Q64: =H64/V64 -> 0.012386228 | R64: 1 | S64: 1 | T64: 53 | U64: 3.7178291e+08 | V64: 3.7156528e+08
A65: 58 | B65: RMBN Money Market Fund | C65: RMB Nigeria Asset Management Ltd. | D65: 2.5567569e+10 | E65: 3.3573983e+08 | F65: 0 | G65: =E65-307970000 -> 27769830 | H65: =(E65+F65)-G65 -> 307970000 | I65: 2.0714033e+10 | J65: =(I65/$I$76) -> 0.0034459362 | K65: 2.5590361e+10 | L65: =(K65/$K$76) -> 0.0040858844 | M65: =((K65-I65)/I65) -> 0.23541183 | N65: =(G65/K65) -> 0.0010851676 | O65: =H65/K65 -> 0.012034609 | P65: =K65/V65 -> 99.998592 | Q65: =H65/V65 -> 1.203444 | R65: 100 | S65: 100 | T65: 204 | U65: 2.0797494e+08 | V65: 2.5590721e+08
A66: 59 | B66: RT Briscoe Savings & Investment Fund | C66: DLM Asset Management Limited | D66: 5.2119984e+08 | E66: 8425488.9 | F66: 0 | G66: 562418.75 | H66: =(E66+F66)-G66 -> 7863070.2 | I66: 429235000 | J66: =(I66/$I$76) -> 7.1406492e-05 | K66: 498378500 | L66: =(K66/$K$76) -> 7.9573592e-05 | M66: =((K66-I66)/I66) -> 0.16108542 | N66: =(G66/K66) -> 0.0011284972 | O66: =H66/K66 -> 0.015777306 | P66: =K66/V66 -> 1000 | Q66: =H66/V66 -> 15.777306 | R66: 1000 | S66: 1000 | T66: 63 | U66: 429235 | V66: 498378.5
A67: 60 | B67: SCM Capital Money Market Fund | C67: SCM Capital Limited | D67: 3.5097133e+09 | E67: 44864811 | F67: 0 | G67: 43030283 | H67: =(E67+F67)-G67 -> 1834527.7 | I67: 2.7304648e+09 | J67: =(I67/$I$76) -> 0.00045423349 | K67: 3.0035919e+09 | L67: =(K67/$K$76) -> 0.00047956843 | M67: =((K67-I67)/I67) -> 0.1000295 | N67: =(G67/K67) -> 0.014326275 | O67: =H67/K67 -> 0.00061077796 | P67: =K67/V67 -> 1.0998704 | Q67: =H67/V67 -> 0.00067177659 | R67: 1 | S67: 1 | T67: 3112 | U67: 2.7308598e+09 | V67: 2.7308598e+09
A68: 61 | B68: Stanbic IBTC Money Market Fund | C68: Stanbic IBTC Asset Mgt. Limited | D68: 2.9754832e+12 | E68: 4.263743e+10 | F68: 0 | G68: 4.8073949e+09 | H68: =(E68+F68)-G68 -> 3.7830035e+10 | I68: 2.8693585e+12 | J68: =(I68/$I$76) -> 0.47733951 | K68: 2.9704124e+12 | L68: =(K68/$K$76) -> 0.47427082 | M68: =((K68-I68)/I68) -> 0.035218282 | N68: =(G68/K68) -> 0.0016184268 | O68: =H68/K68 -> 0.012735617 | P68: =K68/V68 -> 1 | Q68: =H68/V68 -> 0.012735617 | R68: 100 | S68: 100 | T68: 360211 | U68: 2.8693585e+12 | V68: 2.9704124e+12
A69: 62 | B69: STL Money Market Fund | C69: STL Asset Mgt. Limited | D69: 6.4818185e+09 | E69: 6.8254498e+08 | F69: 0 | G69: 95008237 | H69: =(E69+F69)-G69 -> 5.8753674e+08 | I69: 1.6387797e+10 | J69: =(I69/$I$76) -> 0.0027262341 | K69: 1.6387797e+10 | L69: =(K69/$K$76) -> 0.0026165573 | M69: =((K69-I69)/I69) -> 0 | N69: =(G69/K69) -> 0.005797499 | O69: =H69/K69 -> 0.035852088 | P69: =K69/V69 -> 100 | Q69: =H69/V69 -> 3.5852088 | R69: 100 | S69: 100 | T69: 1588 | U69: 1.5319835e+08 | V69: 1.6387797e+08
A70: 63 | B70: Trustbanc Money Market Fund | C70: Trustbanc Asset Management Limited | D70: 1.8147214e+10 | E70: 3.0833388e+08 | F70: 0 | G70: 27232336 | H70: =(E70+F70)-G70 -> 2.8110154e+08 | I70: 1.8007306e+10 | J70: =(I70/$I$76) -> 0.0029956517 | K70: 1.813142e+10 | L70: =(K70/$K$76) -> 0.0028949527 | M70: =((K70-I70)/I70) -> 0.0068924192 | N70: =(G70/K70) -> 0.0015019417 | O70: =H70/K70 -> 0.015503559 | P70: =K70/V70 -> 1.0154723 | Q70: =H70/V70 -> 0.015743435 | R70: 1 | S70: 1 | T70: 1044 | U70: 1.7270994e+10 | V70: 1.7855159e+10
A71: 64 | B71: United Capital Money Market Fund | C71: United Capital Asset Mgt. Ltd | D71: 7.8108107e+10 | E71: 3.7912302e+09 | F71: 0 | G71: 4.0037644e+08 | H71: =(E71+F71)-G71 -> 3.3908537e+09 | I71: 248920900518 | J71: =(I71/$I$76) -> 0.041409876 | K71: 2.6154369e+11 | L71: =(K71/$K$76) -> 0.041759367 | M71: =((K71-I71)/I71) -> 0.050710035 | N71: =(G71/K71) -> 0.0015308205 | O71: =H71/K71 -> 0.01296477 | P71: =K71/V71 -> 1.0080454 | Q71: =H71/V71 -> 0.013069077 | R71: 1 | S71: 1 | T71: 23706 | U71: 2.4177661e+11 | V71: 2.5945625e+11
A72: 65 | B72: ValuAlliance Money Market Fund | C72: ValuAlliance Asset Management Limited | D72: 1.8815846e+09 | E72: 51993961 | F72: 0 | G72: 6440217.5 | H72: =(E72+F72)-G72 -> 45553744 | I72: 3.1686576e+09 | J72: =(I72/$I$76) -> 0.00052713017 | K72: 3.7428566e+09 | L72: =(K72/$K$76) -> 0.00059760311 | M72: =((K72-I72)/I72) -> 0.18121209 | N72: =(G72/K72) -> 0.001720669 | O72: =H72/K72 -> 0.012170849 | P72: =K72/V72 -> 1.0106922 | Q72: =H72/V72 -> 0.012300983 | R72: 1 | S72: 1 | T72: 173 | U72: 3.0696287e+09 | V72: 3.7032606e+09
A73: 66 | B73: Vetiva Money Market Fund | C73: Vetiva Fund Managers Limited | D73: 1.2401274e+10 | E73: 1.7309866e+08 | F73: 0 | G73: 17674243 | H73: =(E73+F73)-G73 -> 1.5542442e+08 | I73: 1.2105768e+10 | J73: =(I73/$I$76) -> 0.0020138861 | K73: 1.2401161e+10 | L73: =(K73/$K$76) -> 0.0019800311 | M73: =((K73-I73)/I73) -> 0.024401053 | N73: =(G73/K73) -> 0.0014252087 | O73: =H73/K73 -> 0.012533054 | P73: =K73/V73 -> 1.0123042 | Q73: =H73/V73 -> 0.012687263 | R73: 1 | S73: 1 | T73: 756 | U73: 1.1717859e+10 | V73: 1.225043e+10
A74: 67 | B74: Zedcrest Money Market Fund | C74: Zedcrest Investment Managers Limited | D74: 6.8293535e+09 | E74: 3.6781576e+08 | F74: 0 | G74: 38894362 | H74: =(E74+F74)-G74 -> 3.2892139e+08 | I74: 1.9844321e+10 | J74: =(I74/$I$76) -> 0.0033012531 | K74: 2.2567078e+10 | L74: =(K74/$K$76) -> 0.0036031719 | M74: =((K74-I74)/I74) -> 0.13720581 | N74: =(G74/K74) -> 0.0017235002 | O74: =H74/K74 -> 0.014575276 | P74: =K74/V74 -> 0.9978766 | Q74: =H74/V74 -> 0.014544327 | R74: 1 | S74: 1 | T74: 9251 | U74: 2.2615099e+10 | V74: 2.2615099e+10
A75: 68 | B75: Zenith Money Market Fund | C75: Zenith Asset Management Ltd | D75: 1.6293623e+11 | E75: 2.3937094e+09 | F75: 0 | G75: 1.9601375e+08 | H75: =(E75+F75)-G75 -> 2.1976956e+09 | I75: 1.5826617e+11 | J75: =(I75/$I$76) -> 0.026328775 | K75: 1.6407558e+11 | L75: =(K75/$K$76) -> 0.026197123 | M75: =((K75-I75)/I75) -> 0.036706561 | N75: =(G75/K75) -> 0.0011946553 | O75: =H75/K75 -> 0.01339441 | P75: =K75/V75 -> 1.0130361 | Q75: =H75/V75 -> 0.013569021 | R75: 1 | S75: 1 | T75: 9229 | U75: 1.5239533e+11 | V75: 1.6196419e+11
A76: Sub Total | I76: =SUM(I28:I75) -> 6.0111482e+12 | J76: =(I76/$I$248) -> 0.65389428 | K76: =SUM(K28:K75) -> 6.2631143e+12 | L76: =(K76/$K$248) -> 0.66280573 | M76: =((K76-I76)/I76) -> 0.041916474 | T76: =SUM(T28:T75) -> 816437
A78: BOND/FIXED INCOME FUNDS
A79: 69 | B79: Anchoria Fixed Income Fund | C79: Anchoria Asset Management Limited | D79: 1.0958248e+09 | E79: 16203551 | F79: 0 | G79: 1480475.9 | H79: =(E79+F79)-G79 -> 14723075 | I79: 1.0692564e+09 | J79: =(I79/$I$117) -> 0.0044974106 | K79: 1.1173783e+09 | L79: =(K79/$K$117) -> 0.0048007699 | M79: =((K79-I79)/I79) -> 0.04500497 | N79: =(G79/K79) -> 0.001324955 | O79: =H79/K79 -> 0.013176447 | P79: =K79/V79 -> 1.7912404 | Q79: =H79/V79 -> 0.023602184 | R79: 1.8 | S79: 1.8 | T79: 453 | U79: 6.2304845e+08 | V79: 6.2380141e+08
A80: 70 | B80: ARM Fixed Income Fund | C80: ARM Investment Managers Limited | D80: 1024959390 | E80: 16754259 | F80: 6449473 | G80: 3098020 | H80: =(E80+F80)-G80 -> 20105712 | I80: 1307433638 | J80: =(I80/$I$117) -> 0.0054992101 | K80: 1253967355 | L80: =(K80/$K$117) -> 0.0053876192 | M80: =((K80-I80)/I80) -> -0.04089407 | N80: =(G80/K80) -> 0.0024705747 | O80: =H80/K80 -> 0.016033681 | P80: =K80/V80 -> 1.4176687 | Q80: =H80/V80 -> 0.022730447 | R80: 1.4177 | S80: 1.4177 | T80: 1553 | U80: 936894870 | V80: 884527801
A81: 71 | B81: ARM Short Term-Bond Fund | C81: ARM Investment Managers | D81: 520302050 | E81: 8823632 | F81: 1134056 | G81: 1642803 | H81: =(E81+F81)-G81 -> 8314885 | I81: 690884783 | J81: =(I81/$I$117) -> 0.0029059376 | K81: 714436581 | L81: =(K81/$K$117) -> 0.0030695474 | M81: =((K81-I81)/I81) -> 0.034089328 | N81: =(G81/K81) -> 0.0022994385 | O81: =H81/K81 -> 0.011638381 | P81: =K81/V81 -> 1.2727064 | Q81: =H81/V81 -> 0.014812242 | R81: 1.2727 | S81: 1.2727 | T81: 932 | U81: 549312033 | V81: 561352243
A82: 72 | B82: AVA GAM Fixed Income Naira Fund | C82: AVA Global Asset Managers Limited | D82: 2.6782624e+08 | E82: 18273436 | F82: 0 | G82: 524714.75 | H82: =(E82+F82)-G82 -> 17748721 | I82: 3.0961314e+08 | J82: =(I82/$I$117) -> 0.001302267 | K82: 3.2708686e+08 | L82: =(K82/$K$117) -> 0.0014053153 | M82: =((K82-I82)/I82) -> 0.056437265 | N82: =(G82/K82) -> 0.0016042061 | O82: =H82/K82 -> 0.054263021 | P82: =K82/V82 -> 1252.477 | Q82: =H82/V82 -> 67.963183 | R82: 1252.48 | S82: 1252.48 | T82: 98 | U82: 260542 | V82: 261152
A83: 73 | B83: CardinalStone Fixed Income Alpha Fund | C83: CardinalStone Asset Mgt. Limited | D83: 1.8318008e+09 | E83: 27539490 | F83: 70757281 | G83: 2656318.8 | H83: =(E83+F83)-G83 -> 95640452 | I83: 1.8094949e+09 | J83: =(I83/$I$117) -> 0.0076109351 | K83: 1.8866943e+09 | L83: =(K83/$K$117) -> 0.0081061047 | M83: =((K83-I83)/I83) -> 0.042663543 | N83: =(G83/K83) -> 0.0014079222 | O83: =H83/K83 -> 0.050692076 | P83: =K83/V83 -> 1.1125519 | Q83: =H83/V83 -> 0.056397563 | R83: 1.1019 | S83: 1.1019 | T83: 1093 | U83: 1.6006588e+09 | V83: 1.695826e+09
A84: 74 | B84: CEAT Fixed Income Fund | C84: Capital Express Assset & Trust Limited | D84: 5.0109556e+08 | E84: 7617879.6 | F84: 0 | G84: 1155914.4 | H84: =(E84+F84)-G84 -> 6461965.2 | I84: 514113473 | J84: =(I84/$I$117) -> 0.002162418 | K84: 5.4365225e+08 | L84: =(K84/$K$117) -> 0.0023357795 | M84: =((K84-I84)/I84) -> 0.057455747 | N84: =(G84/K84) -> 0.0021262019 | O84: =H84/K84 -> 0.011886211 | P84: =K84/V84 -> 3.1008662 | Q84: =H84/V84 -> 0.036857549 | R84: 2.952 | S84: 2.952 | T84: 1386 | U84: 1.7558854e+08 | V84: 1.753227e+08
A85: 75 | B85: CFG AM Fixed Income Naira Fund | C85: CFG Assset Management Limited | D85: 3281881000 | E85: 80802061 | F85: 0 | G85: 9381367.5 | H85: =(E85+F85)-G85 -> 71420694 | I85: 4.742972e+09 | J85: =(I85/$I$117) -> 0.019949464 | K85: 5.5678334e+09 | L85: =(K85/$K$117) -> 0.023921967 | M85: =((K85-I85)/I85) -> 0.17391233 | N85: =(G85/K85) -> 0.0016849225 | O85: =H85/K85 -> 0.012827376 | P85: =K85/V85 -> 1250.4409 | Q85: =H85/V85 -> 16.039876 | R85: 1250.44 | S85: 1250.44 | T85: 437 | U85: 3845631 | V85: 4452696
A86: 76 | B86: Chapel Hill Denham Nigeria Bond Fund | C86: Chapel Hill Denham Mgt. Limited | D86: 1.4135089e+09 | E86: 17290340 | F86: 35946471 | G86: 2740636.4 | H86: =(E86+F86)-G86 -> 50496174 | I86: 1.1931523e+09 | J86: =(I86/$I$117) -> 0.0050185303 | K86: 1.4085325e+09 | L86: =(K86/$K$117) -> 0.0060517019 | M86: =((K86-I86)/I86) -> 0.18051354 | N86: =(G86/K86) -> 0.0019457389 | O86: =H86/K86 -> 0.035850202 | P86: =K86/V86 -> 110.32167 | Q86: =H86/V86 -> 3.9550542 | R86: 110.32 | S86: 110.71 | T86: 4338 | U86: 11257482 | V86: 12767505
A87: 77 | B87: Comercio Partners Fixed Income Fund | C87: Comercio Partners Asset Management Limited | D87: 2.087376e+08 | E87: 14509218 | F87: 0 | G87: 348123.12 | H87: =(E87+F87)-G87 -> 14161095 | I87: 1.9664649e+08 | J87: =(I87/$I$117) -> 0.00082711683 | K87: 2.0376718e+08 | L87: =(K87/$K$117) -> 0.00087547729 | M87: =((K87-I87)/I87) -> 0.036210596 | N87: =(G87/K87) -> 0.0017084357 | O87: =H87/K87 -> 0.069496446 | P87: =K87/V87 -> 11.873975 | Q87: =H87/V87 -> 0.82519906 | R87: 11.874 | S87: 11.9133 | T87: 47 | U87: 16399699 | V87: 17160823
A88: 78 | B88: Coral Income Fund | C88: FSDH Asset Management Ltd | D88: 2.2188932e+09 | E88: 27511173 | F88: 0 | G88: 4610876.3 | H88: =(E88+F88)-G88 -> 22900297 | I88: 2.1845708e+09 | J88: =(I88/$I$117) -> 0.009188546 | K88: 2.191813e+09 | L88: =(K88/$K$117) -> 0.0094170346 | M88: =((K88-I88)/I88) -> 0.003315157 | N88: =(G88/K88) -> 0.0021036814 | O88: =H88/K88 -> 0.010448107 | P88: =K88/V88 -> 5014.1217 | Q88: =H88/V88 -> 52.38808 | R88: 5014.12 | S88: 5014.12 | T88: 1211 | U88: 441208.93 | V88: 437128.01
A89: 79 | B89: Cordros Fixed Income Fund | C89: Cordros Asset Management Limited | D89: 3.4639524e+08 | E89: 4421065.1 | F89: 0 | G89: 752093.24 | H89: =(E89+F89)-G89 -> 3668971.8 | I89: 3.6143371e+08 | J89: =(I89/$I$117) -> 0.00152023 | K89: 3.6538343e+08 | L89: =(K89/$K$117) -> 0.0015698549 | M89: =((K89-I89)/I89) -> 0.010927938 | N89: =(G89/K89) -> 0.0020583671 | O89: =H89/K89 -> 0.010041429 | P89: =K89/V89 -> 115.21813 | Q89: =H89/V89 -> 1.1569547 | R89: 115.39 | S89: 115.39 | T89: 101 | U89: 3160282 | V89: 3171232
A90: 80 | B90: Coronation Fixed Income Fund | C90: Coronation Asset Management Limited | D90: 1.0745384e+09 | E90: 33380529 | F90: 17820972 | G90: 1982724.7 | H90: =(E90+F90)-G90 -> 49218776 | I90: 1.0403817e+09 | J90: =(I90/$I$117) -> 0.00437596 | K90: 1.0809728e+09 | L90: =(K90/$K$117) -> 0.0046443553 | M90: =((K90-I90)/I90) -> 0.039015642 | N90: =(G90/K90) -> 0.001834204 | O90: =H90/K90 -> 0.045531928 | P90: =K90/V90 -> 1.5622827 | Q90: =H90/V90 -> 0.071133743 | R90: 1.5621 | S90: 1.5621 | T90: 3218 | U90: 6.7276583e+08 | V90: 6.9191883e+08
... A99: 89 | B99: Guaranty Trust Fixed Income Fund | C99: Guaranty Trust Fund Managers Limited | D99: 1.4936658e+10 | E99: 1.3668057e+08 | F99: 0 | G99: 5492652.8 | H99: =(E99+F99)-G99 -> 1.3118792e+08 | I99: 1.1458665e+10 | J99: =(I99/$I$117) -> 0.04819641 | K99: 1.3528035e+10 | L99: =(K99/$K$117) -> 0.058122648 | M99: =((K99-I99)/I99) -> 0.18059435 | N99: =(G99/K99) -> 0.00040601999 | O99: =H99/K99 -> 0.009697485 | P99: =K99/V99 -> 1 | Q99: =H99/V99 -> 0.009697485 | R99: 1 | S99: 1 | T99: 7294 | U99: 1.3396083e+10 | V99: 1.3528035e+10
A100: 90 | B100: Lead Fixed Income Fund | C100: Lead Asset Mgt Ltd | D100: =1104536297.05+898867470.79 -> 2.0034038e+09 | E100: 30267558 | F100: 0 | G100: 3378591.3 | H100: =(E100+F100)-G100 -> 26888966 | I100: 1.9643686e+09 | J100: =(I100/$I$117) -> 0.0082623512 | K100: 1.9643686e+09 | L100: =(K100/$K$117) -> 0.0084398291 | M100: =((K100-I100)/I100) -> 0 | N100: =(G100/K100) -> 0.0017199375 | O100: =H100/K100 -> 0.013688351 | P100: =K100/V100 -> 277.84144 | Q100: =H100/V100 -> 3.8031911 | R100: 289.44 | S100: 289.44 | T100: 579 | U100: 6716516.2 | V100: 7070106.7
A101: 91 | B101: Meristem Fixed Income Fund | C101: Meristem Wealth Management Limited | D101: 7.798788e+08 | E101: 16187152 | F101: 0 | G101: 1448821.4 | H101: =(E101+F101)-G101 -> 14738330 | I101: 7.8660799e+08 | J101: =(I101/$I$117) -> 0.00330856 | K101: 7.7021715e+08 | L101: =(K101/$K$117) -> 0.0033092063 | M101: =((K101-I101)/I101) -> -0.020837364 | N101: =(G101/K101) -> 0.0018810557 | O101: =H101/K101 -> 0.019135292 | P101: =K101/V101 -> 116.00628 | Q101: =H101/V101 -> 2.2198141 | R101: 117.38 | S101: 117.38 | T101: 470 | U101: 6734610.7 | V101: 6639443.6
A102: 92 | B102: Nigeria International Debt Fund | C102: Afrinvest Asset Management Ltd. | D102: 1.7957651e+09 | E102: 22710860 | F102: 69188187 | G102: 2529041.7 | H102: =(E102+F102)-G102 -> 89370006 | I102: 1.776123e+09 | J102: =(I102/$I$117) -> 0.0074705692 | K102: 1.809593e+09 | L102: =(K102/$K$117) -> 0.0077748418 | M102: =((K102-I102)/I102) -> 0.018844409 | N102: =(G102/K102) -> 0.0013975749 | O102: =H102/K102 -> 0.0493868 | P102: =K102/V102 -> 416.43053 | Q102: =H102/V102 -> 20.566171 | R102: 416.43 | S102: 416.43 | T102: 97 | U102: 4356151.7 | V102: 4345485.8
A103: 93 | B103: Norrenberger Turbo Fixed Income Fund | C103: Norrenberger Investment & Capital Mgt. Ltd. | D103: 3.7686728e+09 | E103: 51586017 | F103: 2.0083485e+08 | G103: 12202322 | H103: =(E103+F103)-G103 -> 2.4021854e+08 | I103: 5.5992177e+09 | J103: =(I103/$I$117) -> 0.023550927 | K103: 4.0713244e+09 | L103: =(K103/$K$117) -> 0.017492278 | M103: =((K103-I103)/I103) -> -0.27287622 | N103: =(G103/K103) -> 0.0029971382 | O103: =H103/K103 -> 0.059002555 | P103: =K103/V103 -> 106.04128 | Q103: =H103/V103 -> 6.2567062 | R103: 106.04 | S103: 106.04 | T103: 475 | U103: 54066093 | V103: 38393770
A104: 94 | B104: PACAM Fixed Income Fund | C104: PAC Asset Management Ltd. | D104: 70748796 | E104: 4309986.2 | F104: 0 | G104: 165873.08 | H104: =(E104+F104)-G104 -> 4144113.1 | I104: 72854004 | J104: =(I104/$I$117) -> 0.00030643198 | K104: 71289556 | L104: =(K104/$K$117) -> 0.00030629265 | M104: =((K104-I104)/I104) -> -0.021473737 | N104: =(G104/K104) -> 0.0023267515 | O104: =H104/K104 -> 0.058130718 | P104: =K104/V104 -> 14.837371 | Q104: =H104/V104 -> 0.86250703 | R104: 13 | S104: 13.17 | T104: 53 | U104: 4817454.6 | V104: 4804729.6
A105: 95 | B105: Radix Horizon Fund | C105: Radix Capital Partners Limited | D105: 1.239916e+09 | E105: 19117445 | F105: 0 | G105: 1717731 | H105: =(E105+F105)-G105 -> 17399714 | I105: 1.1716218e+09 | J105: =(I105/$I$117) -> 0.0049279705 | K105: 1.2040701e+09 | L105: =(K105/$K$117) -> 0.0051732377 | M105: =((K105-I105)/I105) -> 0.027695199 | N105: =(G105/K105) -> 0.0014266038 | O105: =H105/K105 -> 0.014450748 | P105: =K105/V105 -> 171.24022 | Q105: =H105/V105 -> 2.4745494 | R105: 171.23 | S105: 171.23 | T105: 189 | U105: 6786618.8 | V105: 7031467.7
A106: 96 | B106: SFS Fixed Income Fund | C106: SFS Capital Nigeria Ltd | D106: 1.2933933e+10 | E106: 1.9795211e+08 | F106: 0 | G106: 21312407 | H106: =(E106+F106)-G106 -> 1.766397e+08 | I106: 12461757411 | J106: =(I106/$I$117) -> 0.052415526 | K106: 12806890534 | L106: =(K106/$K$117) -> 0.055024279 | M106: =((K106-I106)/I106) -> 0.027695381 | N106: =(G106/K106) -> 0.001664136 | O106: =H106/K106 -> 0.013792552 | P106: =K106/V106 -> 1.09 | Q106: =H106/V106 -> 0.015033881 | R106: 1.09 | S106: 1.09 | T106: 5550 | U106: 11646502254 | V106: 11749440857
A107: 97 | B107: Stanbic IBTC Bond Fund | C107: Stanbic IBTC Asset Mgt. Limited | D107: 1.4491313e+10 | E107: 1.6369497e+08 | F107: 0 | G107: 25718023 | H107: =(E107+F107)-G107 -> 1.3797695e+08 | I107: 1.4992319e+10 | J107: =(I107/$I$117) -> 0.063059348 | K107: 1.4926684e+10 | L107: =(K107/$K$117) -> 0.064131884 | M107: =((K107-I107)/I107) -> -0.0043779277 | N107: =(G107/K107) -> 0.0017229562 | O107: =H107/K107 -> 0.0092436436 | P107: =K107/V107 -> 259.24591 | Q107: =H107/V107 -> 2.3963768 | R107: 259.25 | S107: 259.25 | T107: 5913 | U107: 57829216 | V107: 57577317
A108: 98 | B108: Stanbic IBTC Conservative Fund (Sub Fund) | C108: Stanbic IBTC Asset Mgt. Limited | D108: 1.2471057e+09 | E108: 14764492 | F108: 14610033 | G108: 1848265.6 | H108: =(E108+F108)-G108 -> 27526260 | I108: 1.3804998e+09 | J108: =(I108/$I$117) -> 0.0058065345 | K108: 1.323485e+09 | L108: =(K108/$K$117) -> 0.0056862989 | M108: =((K108-I108)/I108) -> -0.041300115 | N108: =(G108/K108) -> 0.0013965142 | O108: =H108/K108 -> 0.020798316 | P108: =K108/V108 -> 11017.904 | Q108: =H108/V108 -> 229.15384 | R108: 10991.25 | S108: 11036.17 | T108: 31 | U108: 129437.03 | V108: 120121.31
A109: 99 | B109: Stanbic IBTC Enhanced Short-Term Fixed Income Fund | C109: Stanbic IBTC Asset Mgt. Limited | D109: 6.2884223e+09 | E109: 87292441 | F109: 0 | G109: 8573447.4 | H109: =(E109+F109)-G109 -> 78718994 | I109: 5.895879e+09 | J109: =(I109/$I$117) -> 0.024798718 | K109: 6.5480272e+09 | L109: =(K109/$K$117) -> 0.02813333 | M109: =((K109-I109)/I109) -> 0.11061084 | N109: =(G109/K109) -> 0.0013093176 | O109: =H109/K109 -> 0.012021788 | P109: =K109/V109 -> 177.5434 | Q109: =H109/V109 -> 2.1343891 | R109: 177.54 | S109: 177.54 | T109: 7049 | U109: 33907457 | V109: 36881276
A110: 100 | B110: Stanbic IBTC Guaranteed Investment Fund | C110: Stanbic IBTC Asset Mgt. Limited | D110: 5.543885e+09 | E110: 63123612 | F110: 0 | G110: 10042750 | H110: =(E110+F110)-G110 -> 53080861 | I110: 5.578912e+09 | J110: =(I110/$I$117) -> 0.023465519 | K110: 5.7091255e+09 | L110: =(K110/$K$117) -> 0.024529023 | M110: =((K110-I110)/I110) -> 0.0233403 | N110: =(G110/K110) -> 0.0017590698 | O110: =H110/K110 -> 0.0092975468 | P110: =K110/V110 -> 396.91795 | Q110: =H110/V110 -> 3.6903632 | R110: 396.92 | S110: 396.92 | T110: 13743 | U110: 14189240 | V110: 14383642
A111: 101 | B111: Trustbanc Fixed Income Fund | C111: Trustbanc Aset Management Limited | D111: 1.2008767e+08 | E111: 1851809.2 | F111: 0 | G111: 367867.91 | H111: =(E111+F111)-G111 -> 1483941.3 | I111: 1.1543713e+08 | J111: =(I111/$I$117) -> 0.00048554129 | K111: 117327158 | L111: =(K111/$K$117) -> 0.00050409131 | M111: =((K111-I111)/I111) -> 0.016372812 | N111: =(G111/K111) -> 0.0031354029 | O111: =H111/K111 -> 0.012647893 | P111: =K111/V111 -> 122.25584 | Q111: =H111/V111 -> 1.5462787 | R111: 122.2558 | S111: 122.2558 | T111: 18 | U111: 964451.09 | V111: 959685.52
A112: 102 | B112: United Capital Fixed Income Fund | C112: United Capital Asset Mgt. Ltd | D112: 7.2776207e+10 | E112: 7.0420537e+08 | F112: 0 | G112: 1.1986952e+08 | H112: =(E112+F112)-G112 -> 5.8433585e+08 | I112: 7.9977531e+10 | J112: =(I112/$I$117) -> 0.33639432 | K112: 7.6922802e+10 | L112: =(K112/$K$117) -> 0.33049566 | M112: =((K112-I112)/I112) -> -0.038194843 | N112: =(G112/K112) -> 0.0015583093 | O112: =H112/K112 -> 0.0075963933 | P112: =K112/V112 -> 1.9147825 | Q112: =H112/V112 -> 0.014545441 | R112: 1.9147825 | S112: 1.9147825 | T112: 1389 | U112: 3.8169896e+10 | V112: 4.0173128e+10
... A116: 106 | B116: Zenith Income Fund | C116: Zenith Asset Management Ltd | D116: 2033732015 | E116: 26445080 | F116: 0 | G116: 5794.57 | H116: =(E116+F116)-G116 -> 26439285 | I116: 2.1099948e+09 | J116: =(I116/$I$117) -> 0.0088748707 | K116: 2.1235799e+09 | L116: =(K116/$K$117) -> 0.0091238738 | M116: =((K116-I116)/I116) -> 0.0064384736 | N116: =(G116/K116) -> 2.72868e-06 | O116: =H116/K116 -> 0.012450337 | P116: =K116/V116 -> 32.592719 | Q116: =H116/V116 -> 0.40579033 | R116: 32.5364 | S116: 32.5364 | T116: 1360 | U116: 65501708 | V116: 65155040
A117: Sub Total | I117: =SUM(I79:I116) -> 2.3774935e+11 | J117: =(I117/$I$248) -> 0.025862437 | K117: =SUM(K79:K116) -> 2.3274981e+11 | L117: =(K117/$K$248) -> 0.024631182 | M117: =((K117-I117)/I117) -> -0.021028614 | T117: =SUM(T79:T116) -> 67113
A119: DOLLAR FUNDS
A120: EUROBONDS
A121: 107 | B121: Afrinvest Dollar Fund | C121: Afrinvest Asset Management Ltd. | D121: 4.489814e+09 | E121: 30489024 | F121: 30184912 | G121: 8431740 | H121: =(E121+F121)-G121 -> 52242196 | I121: 4.5197103e+09 | J121: =(I121/$I$161) -> 0.0024409742 | K121: 4.5338935e+09 | L121: =(K121/$K$161) -> 0.0024919759 | M121: =((K121-I121)/I121) -> 0.0031380684 | N121: =(G121/K121) -> 0.0018597128 | O121: =H121/K121 -> 0.01152259 | P121: =K121/V121 -> 164490.17 | Q121: =H121/V121 -> 1895.3528 | R121: =120.2657*FX_RATE -> 164550.32 | S121: =120.2657*FX_RATE -> 164550.32 | T121: 191 | U121: 27510.04 | V121: 27563.31
A122: 108 | B122: AIICO Eurobond Fund | C122: AIICO Capital Ltd | D122: =4068905.28*C250 -> 5.5671706e+09 | E122: =58289.51*FX_RATE -> 79753060 | F122: 0 | G122: =7005.82*C250 -> 9585525.5 | H122: =(E122+F122)-G122 -> 70167534 | I122: 5.6182281e+09 | J122: =(I122/$I$161) -> 0.0030342541 | K122: =4065384.52*FX_RATE -> 5.5623534e+09 | L122: =(K122/$K$161) -> 0.003057251 | M122: =((K122-I122)/I122) -> -0.0099452531 | N122: =(G122/K122) -> 0.0017232859 | O122: =H122/K122 -> 0.012614721 | P122: =K122/V122 -> 147782.79 | Q122: =H122/V122 -> 1864.2386 | R122: =100*C250 -> 136822.32 | S122: =100*C250 -> 136822.32 | T122: 120 | U122: 38216.19 | V122: 37638.71
A123: 109 | B123: ARM Eurobond Fund | C123: ARM Investment Managers Limited | D123: =8555868*FX_RATE -> 1.1706337e+10 | E123: =83116*FX_RATE -> 1.1372124e+08 | F123: =8424*C250 -> 11525912 | G123: =23857*FX_RATE -> 32641701 | H123: =(E123+F123)-G123 -> 92605451 | I123: 1.749348e+10 | J123: =(I123/$I$161) -> 0.0094477584 | K123: =12911806*FX_RATE -> 1.7666233e+10 | L123: =(K123/$K$161) -> 0.009709938 | M123: =((K123-I123)/I123) -> 0.0098752782 | N123: =(G123/K123) -> 0.0018476889 | O123: =H123/K123 -> 0.0052419468 | P123: =K123/V123 -> 1700.5023 | Q123: =H123/V123 -> 8.9139425 | R123: =1.2429*FX_RATE -> 1700.5646 | S123: =1.2429*FX_RATE -> 1700.5646 | T123: 349 | U123: 10255987 | V123: 10388832
A124: 110 | B124: ARM Short-Term Eurobond Fund | C124: ARM Investment Managers Limited | D124: =2084096*FX_RATE -> 2.8515085e+09 | E124: =19919*FX_RATE -> 27253638 | F124: =953*FX_RATE -> 1303916.7 | G124: =25758*FX_RATE -> 35242693 | H124: =(E124+F124)-G124 -> -6685138.6 | I124: 4.365921e+09 | J124: =(I124/$I$161) -> 0.0023579166 | K124: =3206875*FX_RATE -> 4.3877208e+09 | L124: =(K124/$K$161) -> 0.0024116346 | M124: =((K124-I124)/I124) -> 0.004993174 | N124: =(G124/K124) -> 0.0080321185 | O124: =H124/K124 -> -0.0015236016 | P124: =K124/V124 -> 1460.331 | Q124: =H124/V124 -> -2.2249627 | R124: =1.0673*FX_RATE -> 1460.3046 | S124: =1.0673*FX_RATE -> 1460.3046 | T124: 128 | U124: 2960307 | V124: 3004607
A125: 111 | B125: CardinalStone Dollar Fund | C125: CardinalStone Asset Mgt. Limited | D125: =35087350.96*FX_RATE -> 4.8007328e+10 | E125: =482396.97*FX_RATE -> 6.6002673e+08 | F125: 0 | G125: =54879.17*FX_RATE -> 75086954 | H125: =(E125+F125)-G125 -> 5.8493977e+08 | I125: 4.991419e+10 | J125: =(I125/$I$161) -> 0.026957313 | K125: =35204464.4*FX_RATE -> 4.8167565e+10 | L125: =(K125/$K$161) -> 0.026474466 | M125: =((K125-I125)/I125) -> -0.034992548 | N125: =(G125/K125) -> 0.0015588696 | O125: =H125/K125 -> 0.012143852 | P125: =K125/V125 -> 1784.7049 | Q125: =H125/V125 -> 21.673192 | R125: =1.3049*FX_RATE -> 1785.3945 | S125: =1.3049*FX_RATE -> 1785.3945 | T125: 747 | U125: 27869655 | V125: 26989092
A126: 112 | B126: Comercio Partners Dollar Fund | C126: Comercio Partners Asset Management Limited | D126: =1009140.49*FX_RATE -> 1.3807294e+09 | E126: =19560.89*FX_RATE -> 26763664 | F126: 0 | G126: =1747.05*C250 -> 2390354.3 | H126: =(E126+F126)-G126 -> 24373309 | I126: 1.3546492e+09 | J126: =(I126/$I$161) -> 0.00073160966 | K126: =993630.34*FX_RATE -> 1.3595081e+09 | L126: =(K126/$K$161) -> 0.00074723002 | M126: =((K126-I126)/I126) -> 0.0035868033 | N126: =(G126/K126) -> 0.0017582495 | O126: =H126/K126 -> 0.017928035 | P126: =K126/V126 -> 1493.9602 | Q126: =H126/V126 -> 26.783771 | R126: =1.0919*FX_RATE -> 1493.9629 | S126: =1.0986*C250 -> 1503.13 | T126: 82 | U126: 883104.84 | V126: 910002.88
A127: 113 | B127: Cowry Eurobond Fund | C127: Cowry Treasurers Limited | D127: =713956.12*FX_RATE -> 9.7685133e+08 | E127: =4845.54*FX_RATE -> 6629780.2 | F127: 0 | G127: =1103.59*FX_RATE -> 1509957.4 | H127: =(E127+F127)-G127 -> 5119822.8 | I127: 9.8164276e+08 | J127: =(I127/$I$161) -> 0.00053015889 | K127: =786909.03*FX_RATE -> 1.0766672e+09 | L127: =(K127/$K$161) -> 0.00059177143 | M127: =((K127-I127)/I127) -> 0.096801443 | N127: =(G127/K127) -> 0.0014024366 | O127: =H127/K127 -> 0.0047552511 | P127: =K127/V127 -> 2039.9617 | Q127: =H127/V127 -> 9.7005299 | R127: =1.49*FX_RATE -> 2038.6526 | S127: =1.51*FX_RATE -> 2066.017 | T127: 84 | U127: 486725.47 | V127: 527787.95
A128: 114 | B128: EDC Dollar Fund | C128: EDC Fund Management Limited | D128: =1027814.13*FX_RATE -> 1.4062791e+09 | E128: =16658.48*FX_RATE -> 22792519 | F128: 0 | G128: =6301.98*FX_RATE -> 8622515.2 | H128: =(E128+F128)-G128 -> 14170004 | I128: 4.1177432e+09 | J128: =(I128/$I$161) -> 0.0022238825 | K128: =2986811.7*FX_RATE -> 4.0866251e+09 | L128: =(K128/$K$161) -> 0.0022461425 | M128: =((K128-I128)/I128) -> -0.0075570952 | N128: =(G128/K128) -> 0.0021099355 | O128: =H128/K128 -> 0.0034674097 | P128: =K128/V128 -> 148528.93 | Q128: =H128/V128 -> 515.01067 | R128: =107.69*FX_RATE -> 147343.96 | S128: =106.06*FX_RATE -> 145113.75 | T128: 129 | U128: 26688 | V128: 27514
A129: 115 | B129: Emerging Africa Eurobond Fund | C129: Emerging Africa Asset Management Limited | D129: =3304783.74*FX_RATE -> 4.5216818e+09 | E129: =23030.26*FX_RATE -> 31510536 | F129: 0 | G129: =5550*FX_RATE -> 7593638.8 | H129: =(E129+F129)-G129 -> 23916897 | I129: 4.2439362e+09 | J129: =(I129/$I$161) -> 0.0022920359 | K129: =3280147*FX_RATE -> 4.4879732e+09 | L129: =(K129/$K$161) -> 0.0024667366 | M129: =((K129-I129)/I129) -> 0.057502521 | N129: =(G129/K129) -> 0.0016919973 | O129: =H129/K129 -> 0.0053291087 | P129: =K129/V129 -> 158640.67 | Q129: =H129/V129 -> 845.4134 | R129: =115.47*FX_RATE -> 157988.73 | S129: =115.47*FX_RATE -> 157988.73 | T129: 82 | U129: 28231.38 | V129: 28290.18
A130: 116 | B130: FCMBAM USD Bond Fund | C130: FCMB Asset Management Limited | D130: =8513082.74*FX_RATE -> 1.1647797e+10 | E130: =47566.78*FX_RATE -> 65081972 | F130: 0 | G130: =14029.21*FX_RATE -> 19195091 | H130: =(E130+F130)-G130 -> 45886881 | I130: 1.1540203e+10 | J130: =(I130/$I$161) -> 0.0062325535 | K130: =8427373.55*FX_RATE -> 1.1530528e+10 | L130: =(K130/$K$161) -> 0.0063375546 | M130: =((K130-I130)/I130) -> -0.00083834646 | N130: =(G130/K130) -> 0.0016647191 | O130: =H130/K130 -> 0.0039795993 | P130: =K130/V130 -> 2108.2443 | Q130: =H130/V130 -> 8.3899677 | R130: =1.54*FX_RATE -> 2107.0637 | S130: =1.54*FX_RATE -> 2107.0637 | T130: 120 | U130: 5471603 | V130: 5469256
A131: 117 | B131: First Asset Dollar Fund | C131: First Asset Management Limited | D131: 5.3688472e+10 | E131: 3.7676688e+08 | F131: 0 | G131: 86884222 | H131: =(E131+F131)-G131 -> 2.8988266e+08 | I131: 5.3037415e+10 | J131: =(I131/$I$161) -> 0.028644083 | K131: 5.3432217e+10 | L131: =(K131/$K$161) -> 0.02936809 | M131: =((K131-I131)/I131) -> 0.0074438378 | N131: =(G131/K131) -> 0.0016260643 | O131: =H131/K131 -> 0.0054252412 | P131: =K131/V131 -> 183179.99 | Q131: =H131/V131 -> 993.79562 | R131: =1251.69*C250 -> 1712591.3 | S131: =1252.1*C250 -> 1713152.3 | T131: 4041 | U131: 289617.17 | V131: 291692.43
A132: 118 | B132: First Asset Specialized Dollar Fund | C132: First Asset Management Limited | D132: 1.64328e+11 | E132: 1.1663723e+09 | F132: 0 | G132: 2.6686689e+08 | H132: =(E132+F132)-G132 -> 8.9950542e+08 | I132: 1.6401694e+11 | J132: =(I132/$I$161) -> 0.088581144 | K132: 1.6322257e+11 | L132: =(K132/$K$161) -> 0.089712454 | M132: =((K132-I132)/I132) -> -0.0048431924 | N132: =(G132/K132) -> 0.0016349877 | O132: =H132/K132 -> 0.0055109131 | P132: =K132/V132 -> 178807.16 | Q132: =H132/V132 -> 985.3907 | R132: =130.47*C250 -> 178512.08 | S132: =130.51*C250 -> 178566.81 | T132: 1128 | U132: 917191.2 | V132: 912841.4
A133: 119 | B133: FSL Eurobond Fund | C133: FSL Asset Management Limited | D133: =1742000*FX_RATE -> 2.3834448e+09 | E133: =8318.84*FX_RATE -> 11382030 | F133: 0 | G133: =1874.69*FX_RATE -> 2564994.4 | H133: =(E133+F133)-G133 -> 8817035.5 | I133: 2.2618567e+09 | J133: =(I133/$I$161) -> 0.001221568 | K133: =1741268.66*FX_RATE -> 2.3824442e+09 | L133: =(K133/$K$161) -> 0.0013094691 | M133: =((K133-I133)/I133) -> 0.053313502 | N133: =(G133/K133) -> 0.0010766231 | O133: =H133/K133 -> 0.0037008361 | P133: =K133/V133 -> 165193.33 | Q133: =H133/V133 -> 611.35345 | R133: =1*FX_RATE -> 1368.2232 | S133: =1*FX_RATE -> 1368.2232 | T133: 21 | U133: 14159.567 | V133: 14422.157
A134: 120 | B134: Futureview Dollar Fund | C134: Futureview Asset Management Limited | D134: =229188.07*FX_RATE -> 3.1358043e+08 | E134: =912.5*FX_RATE -> 1248503.7 | F134: 0 | G134: =5666.12*FX_RATE -> 7752516.8 | H134: =(E134+F134)-G134 -> -6504013.2 | I134: 2.3610716e+08 | J134: =(I134/$I$161) -> 0.00012751514 | K134: =215642.43*FX_RATE -> 2.9504698e+08 | L134: =(K134/$K$161) -> 0.00016216745 | M134: =((K134-I134)/I134) -> 0.24963161 | N134: =(G134/K134) -> 0.026275534 | O134: =H134/K134 -> -0.022043992 | P134: =K134/V134 -> 202142.35 | Q134: =H134/V134 -> -4456.0244 | R134: =147.7398*FX_RATE -> 202141.02 | S134: =147.7398*FX_RATE -> 202141.02 | T134: 11 | U134: 1459.6 | V134: 1459.6
A135: 121 | B135: Myrtle Dollar Shield Fund | C135: Myrtle asset Management Limited | D135: =55296.44*C250 -> 75657872 | E135: =2913.89*C250 -> 3986851.9 | F135: 0 | G135: =310.63*C250 -> 425011.17 | H135: =(E135+F135)-G135 -> 3561840.7 | I135: 75865109 | J135: =(I135/$I$161) -> 4.0972708e-05 | K135: =55443.75*C250 -> 75859425 | L135: =(K135/$K$161) -> 4.1694816e-05 | M135: =((K135-I135)/I135) -> -7.4922e-05 | N135: =(G135/K135) -> 0.0056026153 | O135: =H135/K135 -> 0.046953173 | P135: =K135/V135 -> 1542.261 | Q135: =H135/V135 -> 72.41405 | R135: =100*C250 -> 136822.32 | S135: =100*C250 -> 136822.32 | T135: 3 | U135: 49648.44 | V135: 49187.15
A136: 122 | B136: Norrenberger Dollar Fund | C136: Norrenberger Investment & Capital Management Limited | D136: 3.8210599e+10 | E136: 2.7141211e+08 | F136: 80687342 | G136: 1.0076682e+08 | H136: =(E136+F136)-G136 -> 2.5133263e+08 | I136: 4.4679996e+10 | J136: =(I136/$I$161) -> 0.024130466 | K136: 4.5809459e+10 | L136: =(K136/$K$161) -> 0.025178374 | M136: =((K136-I136)/I136) -> 0.025278954 | N136: =(G136/K136) -> 0.0021996946 | O136: =H136/K136 -> 0.0054864789 | P136: =K136/V136 -> 144242.69 | Q136: =H136/V136 -> 791.38448 | R136: 144239.75 | S136: 144239.75 | T136: =877+64+42 -> 983 | U136: 293945 | V136: 317586
A137: 123 | B137: Pacam Eurobond Fund | C137: PAC Asset Management Ltd. | D137: =2052646.09*FX_RATE -> 2.808478e+09 | E137: =80423.71*FX_RATE -> 1.1003759e+08 | F137: 0 | G137: =2695.6*FX_RATE -> 3688182.5 | H137: =(E137+F137)-G137 -> 1.063494e+08 | I137: 2.5985538e+09 | J137: =(I137/$I$161) -> 0.0014034091 | K137: =2054866.92*C250 -> 2.8115166e+09 | L137: =(K137/$K$161) -> 0.0015453013 | M137: =((K137-I137)/I137) -> 0.081954345 | N137: =(G137/K137) -> 0.0013118124 | O137: =H137/K137 -> 0.037826347 | P137: =K137/V137 -> 218049.29 | Q137: =H137/V137 -> 8248.008 | R137: 159.48 | S137: 165.48 | T137: 52 | U137: 12583.95 | V137: 12893.95
A138: 124 | B138: United Capital Nigerian Eurobond Fund | C138: United Capital Asset Mgt. Ltd | D138: =91217139*FX_RATE -> 1.2480541e+11 | E138: =757174*FX_RATE -> 1.035983e+09 | F138: 0 | G138: =156949*FX_RATE -> 2.1474126e+08 | H138: =(E138+F138)-G138 -> 8.2124177e+08 | I138: 1.535077e+11 | J138: =(I138/$I$161) -> 0.082905385 | K138: =106013537*FX_RATE -> 1.4505018e+11 | L138: =(K138/$K$161) -> 0.079724314 | M138: =((K138-I138)/I138) -> -0.05509507 | N138: =(G138/K138) -> 0.0014804619 | O138: =H138/K138 -> 0.0056617769 | P138: =K138/V138 -> 166086.94 | Q138: =H138/V138 -> 940.34721 | R138: =121.39*FX_RATE -> 166088.61 | S138: =121.39*FX_RATE -> 166088.61 | T138: 1178 | U138: 866709.46 | V138: 873338.87
A140: FIXED INCOME
A141: 125 | B141: Alpha10 Dollar Fund | C141: Alpha10 Fund Management Limited | D141: =433864.12*FX_RATE -> 5.9362295e+08 | E141: =3489.18*FX_RATE -> 4773977 | F141: 0 | G141: =799.47*FX_RATE -> 1093853.4 | H141: =(E141+F141)-G141 -> 3680123.6 | I141: 6.2803738e+08 | J141: =(I141/$I$161) -> 0.00033918612 | K141: =465902.33*FX_RATE -> 6.3745838e+08 | L141: =(K141/$K$161) -> 0.00035036793 | M141: =((K141-I141)/I141) -> 0.015000694 | N141: =(G141/K141) -> 0.0017159605 | O141: =H141/K141 -> 0.0057731199 | P141: =K141/V141 -> 1412.8693 | Q141: =H141/V141 -> 8.1566639 | R141: =1.0341*FX_RATE -> 1414.8796 | S141: =1.0341*FX_RATE -> 1414.8796 | T141: 55 | U141: 440129 | V141: 451180
A142: 126 | B142: AVA GAM Fixed Income Dollar Fund | C142: AVA Global Asset Managers Limited | D142: =884216.5*FX_RATE -> 1.2098055e+09 | E142: =7823.07*FX_RATE -> 10703706 | F142: 0 | G142: =1810.83*FX_RATE -> 2477619.6 | H142: =(E142+F142)-G142 -> 8226086.3 | I142: 1.4429441e+09 | J142: =(I142/$I$161) -> 0.00077929533 | K142: =1038968.2*FX_RATE -> 1.4215404e+09 | L142: =(K142/$K$161) -> 0.000781325 | M142: =((K142-I142)/I142) -> -0.014833329 | N142: =(G142/K142) -> 0.0017429119 | O142: =H142/K142 -> 0.0057867411 | P142: =K142/V142 -> 163301.6 | Q142: =H142/V142 -> 944.98406 | R142: =119.35*FX_RATE -> 163297.44 | S142: =119.35*FX_RATE -> 163297.44 | T142: 30 | U142: 8915 | V142: 8705
A143: 127 | B143: AXA Mansard Dollar Bond Fund | C143: AXA Mansard Investments Limited | D143: =11180584.31*FX_RATE -> 1.5297535e+10 | E143: =106135.07*FX_RATE -> 1.4521647e+08 | F143: 0 | G143: =23651.84*FX_RATE -> 32360996 | H143: =(E143+F143)-G143 -> 1.1285547e+08 | I143: 2.838639e+10 | J143: =(I143/$I$161) -> 0.015330727 | K143: =20672969.98*FX_RATE -> 2.8285237e+10 | L143: =(K143/$K$161) -> 0.01554649 | M143: =((K143-I143)/I143) -> -0.0035634286 | N143: =(G143/K143) -> 0.0011440949 | O143: =H143/K143 -> 0.0039899071 | P143: =K143/V143 -> 183970.19 | Q143: =H143/V143 -> 734.02399 | R143: =134.392*FX_RATE -> 183878.25 | S143: =134.5264*FX_RATE -> 184062.14 | T143: 701 | U143: 148195.83 | V143: 153749.02
A144: 128 | B144: CFG AM Fixed Income Dollar Fund | C144: CFG Assset Management Limited | D144: =(200000+250535.7)*FX_RATE -> 6.164334e+08 | E144: =3597.75*FX_RATE -> 4922525 | F144: 0 | G144: =849.49*FX_RATE -> 1162291.9 | H144: =(E144+F144)-G144 -> 3760233.1 | I144: 6.0971828e+08 | J144: =(I144/$I$161) -> 0.00032929247 | K144: =433797.97*FX_RATE -> 5.9353245e+08 | L144: =(K144/$K$161) -> 0.00032622481 | M144: =((K144-I144)/I144) -> -0.026546411 | N144: =(G144/K144) -> 0.0019582618 | O144: =H144/K144 -> 0.0063353455 | P144: =K144/V144 -> 137106.13 | Q144: =H144/V144 -> 868.61471 | R144: =106.34*FX_RATE -> 145496.86 | S144: =106.34*FX_RATE -> 145496.86 | T144: 19 | U144: 4079 | V144: 4329
A145: 129 | B145: Cordros Dollar Fund | C145: Cordros Asset Management Limited | D145: =14047996.19*C250 -> 1.9220794e+10 | E145: =99731.62*C250 -> 1.3645512e+08 | F145: 0 | G145: =25398.8*C250 -> 34751227 | H145: =(E145+F145)-G145 -> 1.0170389e+08 | I145: 1.9595893e+10 | J145: =(I145/$I$161) -> 0.010583216 | K145: =14294609.67*C250 -> 1.9558217e+10 | L145: =(K145/$K$161) -> 0.010749834 | M145: =((K145-I145)/I145) -> -0.0019226833 | N145: =(G145/K145) -> 0.0017768096 | O145: =H145/K145 -> 0.0052000594 | P145: =K145/V145 -> 159995.88 | Q145: =H145/V145 -> 831.9881 | R145: =117.48*FX_RATE -> 160738.86 | S145: =117.48*FX_RATE -> 160738.86 | T145: 480 | U145: 114192 | V145: 122242
A146: 130 | B146: Coronation Dollar Fund | C146: Coronation Asset Management Limited | D146: 3.3751131e+08 | E146: =1164253.46+212701.6 -> 1376955.1 | F146: -1913588 | G146: 862058.21 | H146: =(E146+F146)-G146 -> -1398691.2 | I146: 3.4463971e+08 | J146: =(I146/$I$161) -> 0.00018613065 | K146: 3.4576399e+08 | L146: =(K146/$K$161) -> 0.00019004318 | M146: =((K146-I146)/I146) -> 0.0032622108 | N146: =(G146/K146) -> 0.0024931983 | O146: =H146/K146 -> -0.0040452193 | P146: =K146/V146 -> 1313.4801 | Q146: =H146/V146 -> -5.3133152 | R146: =1.0322*FX_RATE -> 1412.28 | S146: =1.0322*FX_RATE -> 1412.28 | T146: 15 | U146: 239190.52 | V146: 263242.65
...

Sheet NAV Comparison
A4: FUNDS | B4: Jun 2026 | C4: Jul 2026
A5: EQUITY BASED FUNDS | B5: =[1]June!I25/1000000000 -> 262.04604 | C5: =July!K25/1000000000 -> 241.38587
A6: MONEY MARKET FUNDS | B6: =[1]June!I75/1000000000 -> 5836.1191 | C6: =July!K76/1000000000 -> 6263.1143
A7: BONDS/FIXED INCOME FUNDS | B7: =[1]June!I116/1000000000 -> 233.72033 | C7: =July!K117/1000000000 -> 232.74981
A8: DOLLAR FUNDS | B8: =[1]June!I160/1000000000 -> 1841.4176 | C8: =July!K161/1000000000 -> 1819.397
A9: REAL ESTATE INVESTMENT TRUST | B9: =[1]June!I169/1000000000 -> 527.75099 | C9: =July!K170/1000000000 -> 519.10572
A10: BALANCED FUNDS | B10: =[1]June!I202/1000000000 -> 157.21305 | C10: =July!K203/1000000000 -> 155.82342
A11: ETHICAL FUNDS | B11: =[1]June!I208/1000000000 -> 21.330556 | C11: =July!K209/1000000000 -> 19.720978
A12: SHARI'AH COMPLAINT FUNDS | B12: =[1]June!I236/1000000000 -> 143.95374 | C12: =July!K237/1000000000 -> 145.25147
A13: SPECIALISED FUNDS | B13: =[1]June!I246/1000000000 -> 31.096845 | C13: =July!K247/1000000000 -> 52.848096

Sheet Market Share
A1: FUNDS | B1: July 2026
A2: ETHICAL FUNDS | B2: =July!K209 -> 1.9720978e+10
A3: SPECIALISED FUNDS | B3: =July!K247 -> 5.2848096e+10
A4: SHARI'AH COMPLAINT FUNDS | B4: =July!K237 -> 1.4525147e+11
A5: EQUITY BASED FUNDS | B5: =July!K25 -> 2.4138587e+11
A6: BALANCED FUNDS | B6: =July!K203 -> 1.5582342e+11
A7: BONDS/FIXED INCOME FUNDS | B7: =July!K117 -> 2.3274981e+11
A8: REAL ESTATE INVESTMENT TRUST | B8: =July!K170 -> 5.1910572e+11
A9: DOLLAR FUNDS | B9: =July!K161 -> 1.819397e+12
A10: MONEY MARKET FUNDS | B10: =July!K76 -> 6.2631143e+12

Sheet Unitholders
A5: FUNDS | B5: UNIT HOLDERS
A6: EQUITY BASED FUNDS | B6: =July!T25 -> 108429
A7: MONEY MARKET FUNDS | B7: =July!T76 -> 816437
A8: BONDS/FIXED INCOME FUNDS | B8: =July!T117 -> 67113
A9: DOLLAR FUNDS | B9: =July!T161 -> 30493
A10: REAL ESTATE INVESTMENT TRUST | B10: =July!T170 -> 231862
A11: BALANCED FUNDS | B11: =July!T203 -> 102060
A12: ETHICAL FUNDS | B12: =July!T209 -> 19255
A13: SHARI'AH COMPLAINT FUNDS | B13: =July!T237 -> 59593
A14: SPECIALISED FUNDS | B14: =July!T247 -> 228
